 Dungeon Crawl Stone Soup version 0.31-a0-486-g8d68a81214 (webtiles) character file.

Game seed: 6378142416512644001

233 javelincjr the Caller (level 6, 0/34 (44) HPs)
             Began as a Gnoll Summoner on Aug 7, 2023.
             Was a Believer of Cheibriados.
             Slain by a two-headed ogre
             ... wielding a +0 dire flail
              (16 damage)
             ... on level 5 of the Dungeon.
             The game lasted 00:13:31 (4108 turns).

javelincjr the Caller (Gnoll Summoner)              Turns: 4108, Time: 00:13:31

HP:   0/34 (44)     AC:  4    Str: 13    XL:     6   Next: 4%
MP:   7/13          EV: 14    Int: 18    God:    Cheibriados [**....]
Gold: 113           SH:  0    Dex: 17    Spells: 12/15 levels left

rFire   . . .        s - +2 dagger (drain)
rCold   . . .        (no shield)
rNeg    . . .        a - +0 robe
rPois   .            (no helmet)
rElec   .            (no cloak)
rCorr   .            v - +0 pair of gloves
SInv    .            m - +0 pair of boots
Will    .....        h - amulet of regeneration
Stlth   +++          (no ring)
HPRegen 1.05/turn    (no ring)
MPRegen 0.13/turn

%: no passive effects
@: heavily drained, very slow
A: fangs 1, strong nose, distributed training
a: Renounce Religion, Bend Time


You were on level 5 of the Dungeon.
You worshipped Cheibriados.
Cheibriados was pleased with you.
You visited 1 branch of the dungeon, and saw 5 of its levels.

You collected 113 gold pieces.

Inventory:

Hand Weapons
 c - a +0 dagger of protection
 s - a +2 dagger of draining (weapon)
Missiles
 n - 2 javelins
Armour
 a - a +0 robe (worn)
 m - a +0 pair of boots (worn)
 v - a +0 pair of gloves (worn)
Jewellery
 e - an amulet of magic regeneration
 h - an amulet of regeneration (around neck)
 u - an amulet of faith
Scrolls
 d - 7 scrolls of identify {unknown}
 f - 2 scrolls of fear {unknown}
 k - a scroll of enchant armour {unknown}
 l - a scroll of acquirement {unknown}
 o - a scroll of torment {unknown}
 q - 3 scrolls of amnesia {unknown}
 r - a scroll of fog {unknown}
Potions
 b - a potion of magic
 g - a potion of degeneration {unknown}
 i - a potion of brilliance {unknown}
 j - 2 potions of curing {unknown}
 p - a potion of haste {unknown}
 t - a potion of heal wounds {unknown}


   Skills:
 + Level 1.8 Fighting
 + Level 1.8 Short Blades
 + Level 1.8 Long Blades
 + Level 1.8 Axes
 + Level 1.8 Maces & Flails
 + Level 1.8 Polearms
 + Level 1.8 Staves
 + Level 1.8 Ranged Weapons
 + Level 1.8 Throwing
 + Level 1.8 Armour
 + Level 4.9 Dodging
 + Level 4.5 Stealth
 + Level 1.8 Shields
 + Level 1.8 Unarmed Combat
 + Level 5.3 Spellcasting
 + Level 1.4 Conjurations
 + Level 1.4 Hexes
 + Level 7.2 Summonings
 + Level 1.4 Necromancy
 + Level 1.4 Translocations
 + Level 1.4 Transmutations
 + Level 1.4 Fire Magic
 + Level 1.4 Ice Magic
 + Level 1.4 Air Magic
 + Level 1.4 Earth Magic
 + Level 1.4 Poison Magic
 + Level 2.0 Invocations
 + Level 1.8 Evocations
 + Level 1.4 Shapeshifting


You had 12 spell levels left.
You knew the following spells:

 Your Spells              Type           Power      Damage    Failure   Level
a - Summon Small Mammal   Summ           100%       N/A       1%          1
b - Call Imp              Summ           60%        N/A       1%          2

Your spell library contained the following spells:

 Spells                   Type           Power      Damage    Failure   Level
 Call Canine Familiar     Summ           30%        N/A       1%          3
 Summon Guardian Golem    Hex/Summ       20%        N/A       6%          3
 Blink                    Tloc           18%        N/A       11%         2
 Lesser Beckoning         Tloc           18%        N/A       11%         2
 Gell's Gravitas          Tloc           9%         N/A       22%         3
 Teleport Other           Tloc           9%         N/A       22%         3
 Summon Lightning Spire   Summ/Air       20%        N/A       22%         4
 Manifold Assault         Tloc           9%         N/A       58%         4
 Dispersal                Tloc           4%         N/A       100%        6


Dungeon Overview and Level Annotations

Branches:
Dungeon (5/15)
 Temple: D:4-7

Altars:
Cheibriados


Innate Abilities, Weirdness & Mutations

You have very sharp teeth.
Your uncanny sense of smell can sniff out nearby items.
Your experience applies equally to all skills.


Message History

Search for what [Enter for "."]? .
Done exploring.
You see here a +0 whip.
There is a stone staircase leading down here.
You climb downwards.
Found four items.
Found a stone staircase leading down.
There is a stone staircase leading up here.
A tiny devil pulls itself out of the air.
The two-headed ogre shouts in stereo!
The adder hisses angrily.
You hear a bark!
Casting: Call Imp (safe; 1% risk of failure)
Confirm with . or Enter, or press ? or * to list all spells.
The adder barely misses your quokka.
Casting: Summon Small Mammal (safe; 1% risk of failure)
Confirm with . or Enter, or press ? or * to list all spells.
The adder misses your quokka.
Your cerulean imp barely misses the adder.
Your quokka bites the adder.
The flow of time bends around you. The adder barely misses your quokka.
Your quokka bites the adder but does no damage.
Your cerulean imp hits the adder from afar with a -1 spear.
The adder barely misses your quokka.
A hound comes into view.
Your quokka bites the adder.
The adder bites your quokka.
Your quokka is poisoned.
The adder poisons your quokka!
Your quokka bites the adder.
The adder dies!
Cheibriados thoroughly appreciates the change of pace.
Your cerulean imp hits the two-headed ogre with a -1 spear.
The two-headed ogre closely misses you. x2
You hit the two-headed ogre.
The two-headed ogre is lightly wounded.
Your cerulean imp hits the two-headed ogre but does no damage.
Your quokka bites the two-headed ogre.
You hit the two-headed ogre.
The two-headed ogre is lightly wounded.
The two-headed ogre hits you with a +0 dire flail!!
Ouch! That really hurt!
The two-headed ogre hits you with a +0 giant club!
You die...

∆ ########.
#........
.#.#####........
.....?.....!....
#<@O..h>..
#.rr5..$..
##........
.....!...
.........
###.###### .# .#


You could see a two-headed ogre (ally target), a hound, a friendly cerulean imp
(summoned) and 2 friendly quokkas.

Vanquished Creatures
  2 iguanas (D:4)
  An orc wizard (D:3)
  2 adders (D:3)
  2 worms
  2 dart slugs
  4 orcs
  4 endoplasms (D:1)
  3 goblins
  4 hobgoblins
  6 jackals
  6 kobolds
  A quokka (D:3)
  3 ball pythons (D:1)
  3 bats
  2 frilled lizards
  6 rats
51 creatures vanquished.

Vanquished Creatures (collateral kills)
  2 adders
  3 gnolls (D:4)
  A dart slug (D:2)
  2 bats (D:1)
  3 endoplasms
  A giant cockroach (D:2)
  A goblin (D:1)
  3 hobgoblins
  2 jackals (D:2)
  2 quokkas (D:1)
  A ball python (D:1)
  2 rats (D:1)
23 creatures vanquished.

Grand Total: 74 creatures vanquished

Notes
Turn   | Place    | Note
-------+----------+-------------------------------------------
     0 | D:1      | javelincjr the Gnoll Summoner began the quest for the Orb.
     0 | D:1      | Reached XP level 1. HP: 13/13 MP: 6/6
   135 | D:1      | Reached XP level 2. HP: 11/19 MP: 4/7
   296 | D:1      | Learned a level 2 spell: Call Imp
   856 | D:1      | Reached skill level 5 in Spellcasting
   856 | D:1      | Reached XP level 3. HP: 25/25 MP: 5/9
  1264 | D:2      | Reached skill level 1 in Invocations
  1366 | D:2      | Found a faded altar of an unknown god.
  1370 | D:2      | Prayed at the altar of an unknown god.
  1370 | D:2      | Became a worshipper of Cheibriados the Contemplative
  1370 | D:2      | Reached * piety under Cheibriados
  1724 | D:2      | Reached skill level 1 in Fighting
  1724 | D:2      | Reached skill level 1 in Short Blades
  1724 | D:2      | Reached skill level 1 in Long Blades
  1724 | D:2      | Reached skill level 1 in Axes
  1724 | D:2      | Reached skill level 1 in Maces & Flails
  1724 | D:2      | Reached skill level 1 in Polearms
  1724 | D:2      | Reached skill level 1 in Staves
  1724 | D:2      | Reached skill level 1 in Ranged Weapons
  1724 | D:2      | Reached skill level 1 in Throwing
  1724 | D:2      | Reached skill level 1 in Armour
  1724 | D:2      | Reached skill level 1 in Shields
  1724 | D:2      | Reached skill level 1 in Unarmed Combat
  1724 | D:2      | Reached skill level 1 in Evocations
  1919 | D:2      | Reached XP level 4. HP: 32/32 MP: 11/11
  2573 | D:3      | Reached skill level 1 in Conjurations
  2573 | D:3      | Reached skill level 1 in Hexes
  2573 | D:3      | Reached skill level 1 in Necromancy
  2573 | D:3      | Reached skill level 1 in Translocations
  2573 | D:3      | Reached skill level 1 in Transmutations
  2573 | D:3      | Reached skill level 1 in Fire Magic
  2573 | D:3      | Reached skill level 1 in Ice Magic
  2573 | D:3      | Reached skill level 1 in Air Magic
  2573 | D:3      | Reached skill level 1 in Earth Magic
  2573 | D:3      | Reached skill level 1 in Poison Magic
  2573 | D:3      | Reached skill level 1 in Shapeshifting
  2789 | D:3      | Reached XP level 5. HP: 17/17 MP: 12/12
  3187 | D:4      | Reached ** piety under Cheibriados
  3924 | D:4      | Reached XP level 6. HP: 29/33 MP: 13/13
  4101 | D:5      | Entered Level 5 of the Dungeon
  4101 | D:5      | Noticed a two-headed ogre
  4108 | D:5      | Slain by a two-headed ogre

Illustrated notes

Levels and vault maps discovered:
D:1:      mrwooster_arrival_statue, layout_basic, serial_rivers,
          chequers_serial_rivers_small_a, chequers_serial_rivers_micro_d,
          chequers_serial_rivers_room_a, chequers_serial_rivers_room_b,
          chequers_serial_rivers_small_a
D:2:      layout_loops_corners, basic_ecumenical_altar
D:3:      layout_basic
D:4:      layout_loops_ring, serial_co_window_serial,
          co_window_of_opportunity_a, co_window_paths_a, co_window_corner_a,
          co_window_of_opportunity_a, co_window_corner_a, co_window_paths_a,
          co_window_corner_a, co_window_corner_a, co_window_paths_b,
          co_window_paths_c, co_window_unsneaky_path_a,
          co_window_of_opportunity_c, co_window_corner_ca, co_window_broadway_b,
          co_window_paths_e, glass_columns_b, glass_columns_a, glass_columns_a,
          glass_columns_a, glass_columns_c, feat_on_display
D:5:      layout_rooms, uniq_grinder, uniq_blork_the_orc

Skill      XL: |  1  2  3  4  5 |
---------------+----------------+-----
Spellcasting   | 5 |  5.3
Invocations    | 1 2 |  2.0
Fighting       | 1 |  1.8
Short Blades   | 1 |  1.8
Long Blades    | 1 |  1.8
Axes           | 1 |  1.8
Maces & Flails | 1 |  1.8
Polearms       | 1 |  1.8
Staves         | 1 |  1.8
Ranged Weapons | 1 |  1.8
Throwing       | 1 |  1.8
Armour         | 1 |  1.8
Shields        | 1 |  1.8
Unarmed Combat | 1 |  1.8
Evocations     | 1 |  1.8
Conjurations   | 1 |  1.4
Hexes          | 1 |  1.4
Necromancy     | 1 |  1.4
Translocations | 1 |  1.4
Transmutations | 1 |  1.4
Fire Magic     | 1 |  1.4
Ice Magic      | 1 |  1.4
Air Magic      | 1 |  1.4
Earth Magic    | 1 |  1.4
Poison Magic   | 1 |  1.4
Shapeshifting  | 1 |  1.4
Dodging        | |  4.9
Stealth        | |  4.5
Summonings     | |  7.2

Action                     |  1- 3 |  4- 6 || total
---------------------------+-------+-------++-------
  Melee: Unarmed           |    20 |       ||    20
         Bite              |    14 |    13 ||    27
         Dagger            |   115 |   125 ||   240
         Punch             |     2 |     2 ||     4
   Cast: Summon Small Mamm |    11 |     7 ||    18
         Call Imp          |    14 |     8 ||    22
 Invoke: Bend Time         |       |     1 ||     1
   Stab: Sleeping          |     4 |     4 ||     8
 Armour: Robe              |    44 |    24 ||    68
  Dodge: Dodged            |   103 |    75 ||   178

Table legend: (Time is in decaauts)
 A = Elapsed time spent in this place.
 B = Non-inter-level travel time spent in this place.
 C = Inter-level travel time spent in this place.
 D = Time resting spent in this place.
 E = Time spent auto-exploring this place.
 F = Levels seen in this place.
 G = Mean time per level.
                   A        B        C        D        E       F      G
               +--------+--------+--------+--------+--------+-----+--------+
         Total |   5092 |   4935 |    157 |      0 |   4043 |   5 | 1018.4 |
       Dungeon |   5092 |   4935 |    157 |      0 |   4043 |   5 | 1018.4 |
               +--------+--------+--------+--------+--------+-----+--------+

Top non-repeatable levels by time:
     D:4: 1572 daAuts
     D:2: 1258 daAuts
     D:1: 1219 daAuts
     D:3: 1035 daAuts
     D:5: 7 daAuts
